 Dungeon Crawl Stone Soup version 0.21-a0-621-gc60411f (webtiles) character file.

457 M4edhros the Sneak (level 7, 0/43 HPs)
             Began as an Octopode Artificer on Dec 23, 2017.
             Slain by a gnoll
             ... wielding a +0 spear
              (6 damage)
             ... on level 5 of the Dungeon.
             The game lasted 00:08:23 (1248 turns).

M4edhros the Sneak (Octopode Artificer)             Turns: 1248, Time: 00:08:24

Health: 0/43       AC:  1    Str: 11    XL:     7   Next: 6%
Magic:  11/11      EV: 15    Int: 14    God:
Gold:   80         SH:  0    Dex: 14    Spells: 2/6 levels left

rFire    . . .     SeeInvis .   a - +0 short sword
rCold    . . .     Gourm    .   (no shield)
rNeg     . . .     Faith    .   (helmet restricted)
rPois    .         Spirit   .   (no amulet)
rElec    .         Reflect  .   (no ring)
rCorr    .         Harm     .   (no ring)
MR       .....                  (no ring)
Stlth    ++++......             (no ring)
HPRegen  0.14/turn              (no ring)
MPRegen  0.12/turn              (no ring)
                                (no ring)
                                (no ring)

@: no status effects
A: almost no armour, stealthy swim, amphibious, 8 rings, constrict 8, camouflage
1, gelatinous body 1
a: no special abilities


You were on level 5 of the Dungeon.
You were very hungry.

You visited 1 branch of the dungeon, and saw 5 of its levels.
You also visited: Sewer.

You collected 80 gold pieces.

Inventory:

Hand Weapons
 a - a +0 short sword (weapon)
 k - a +0 scythe
 q - a +1 hand crossbow of flaming
Missiles
 n - 6 javelins (quivered)
Wands
 b - a wand of flame (4)
 c - a wand of enslavement (1)
 d - a wand of random effects (5)
 j - a wand of digging (6)
Scrolls
 e - 2 scrolls of teleportation
 g - a scroll of fog {unknown}
 i - 2 scrolls of remove curse {unknown}
 l - 2 scrolls of enchant weapon
Potions
 m - a potion of invisibility
 r - a potion of mutation {unknown}
Books
 o - a book of the Warp

   Spells                             Type                      Level
   a - Gell's Gravitas                Translocation                3
   b - Portal Projectile              Hexes/Translocation          3
   c - Force Lance                    Conjuration/Translocation    4
   d - Dispersal                      Translocation                6
   e - Controlled Blink               Translocation                8
   f - Disjunction                    Translocation                8
Comestibles
 f - 6 rations


   Skills:
 - Level 1.0 Fighting
 - Level 1.0 Short Blades
 + Level 4.3 Dodging
 + Level 5.7 Stealth
 + Level 0.2 Spellcasting
 * Level 0.7 Conjurations
 * Level 0.6 Translocations
 + Level 5.4 Evocations


You had 2 spell levels left.
You knew the following spells:

 Your Spells              Type           Power        Failure   Level  Hunger
a - Force Lance           Conj/Tloc      #.......     91%         4    #####..


Dungeon Overview and Level Annotations

Branches:
Dungeon (5/15)
 Temple: D:4-7

Altars:

Shops:
D:4 (


Innate Abilities, Weirdness & Mutations

You cannot wear most types of armour.
You are very stealthy in the water. (Stealth+)
You are amphibious.
You can wear up to eight rings at the same time.
You can use your tentacles to constrict eight enemies at once.
Your skin changes colour to match your surroundings (Stealth+).
Your rubbery body absorbs attacks. (AC +1, EV +1)


Message History

You feel better. The gnoll closely misses you.
Evoke which item? (* to show all) (? for menu, Esc to quit)
Aiming: Enslavement
Press: ? - help, Shift-Dir - straight line, f - gnoll
Aim: a gnoll, wielding a club (chance to defeat MR: 71%)
The gnoll is charmed.
The jackal skeleton bites your gnoll.
Your gnoll hits the jackal skeleton with a club!
The jackal skeleton is destroyed!
What are your orders? t - Shout!
Orders for allies: a - Attack new target. p - Attack previous target. r - Retreat! s - Stop attacking. g - Guard the area. f - Follow me.
Anything else - Cancel.
Guard this area!
Your gnoll barely misses the gnoll.
The gnoll hits you from afar with a spear.
* * * LOW HITPOINT WARNING * * *
Your gnoll hits the gnoll with a club.
The gnoll hits you from afar with a spear.
You die...

. . #. #.#.#.#
#
#<####.#.#.#..
#....#.......
#.../ ..>.#
#..##...###
#..@......##.#
#...#g)......#
###g#g#<#..
#.###g#...#
#..$..?g))#
#####.#...#
#....)...#
###...##.....
#...# ##.#


You could see 2 gnolls and a friendly gnoll.

Vanquished Creatures
  Sigmund (D:2)
  Purgy (Sewer)
  A bullfrog (D:4)
  A howler monkey (D:2)
  An orc wizard (D:3)
  A gnoll shaman (D:5)
  An orc priest (D:5)
  An iguana (D:4)
  A worker ant (D:4)
  A gnoll (D:5)
  An adder (D:4)
  2 oozes (D:4)
  An adder skeleton (D:4)
  2 worms
  A dart slug (D:4)
  A leopard gecko (D:4)
  12 orcs
  4 giant cockroaches
  A hobgoblin (D:2)
  A jackal (D:1)
  3 bats
  4 frilled lizards
  A jackal zombie (D:5)
  7 kobolds
  A quokka skeleton (D:4)
  A rat (D:2)
53 creatures vanquished.

Vanquished Creatures (collateral kills)
  A gnoll (D:5)
  A ball python (D:2)
  A giant cockroach (D:2)
  A bat (D:2)
  A jackal skeleton (D:5)
  A rat (D:2)
6 creatures vanquished.

Vanquished Creatures (others)
  A gnoll (D:5)
  An orc (D:3)
  A jackal (D:1)
3 creatures vanquished.

Grand Total: 62 creatures vanquished

Notes
Turn   | Place    | Note
-------+----------+-------------------------------------------
     0 | D:1      | M4edhros the Octopode Artificer began the quest for the Orb.
     0 | D:1      | Reached XP level 1. HP: 13/13 MP: 3/3
   168 | D:2      | Reached XP level 2. HP: 5/18 MP: 4/4
   185 | D:2      | Noticed a howler monkey
   187 | D:2      | Noticed Sigmund
   245 | D:2      | Killed a howler monkey
   245 | D:2      | Reached XP level 3. HP: 9/23 MP: 5/5
   246 | D:2      | Your ally died
   246 | D:2      | Reached XP level 4. HP: 12/28 MP: 5/7
   413 | D:3      | Reached XP level 5. HP: 6/33 MP: 8/8
   506 | D:4      | Found Gocinnuo's Weapon Shop.
   545 | D:4      | Upgraded the game from 0.21-a0-618-g6cbd37f to 0.21-a0-621-gc60411f
   757 | D:4      | Reached skill level 5 in Stealth
   757 | D:4      | Reached skill level 5 in Evocations
   757 | D:4      | Reached XP level 6. HP: 22/38 MP: 9/9
   951 | D:4      | Found a glowing drain.
   959 | Sewer    | Entered a sewer
   962 | Sewer    | Noticed Purgy
   973 | Sewer    | Killed Purgy
  1114 | D:4      | Learned a level 4 spell: Force Lance
  1210 | D:5      | Entered Level 5 of the Dungeon
  1229 | D:5      | Reached XP level 7. HP: 41/43 MP: 11/11
  1243 | D:5      | HP: 1/43 [gnoll/spear (6)]
  1248 | D:5      | Slain by a gnoll

Vault maps used:
D:1:      dpeg_chamrin_arrival_tetris, tso_altar
D:2:      dk_noncrumbling_2, uniq_sigmund
D:4:      first_ration, serial_corexii_hall, corexii_hall_statues_s,
          corexii_hall_statues_s, serial_shops, shop,
          cheibrodos_sewer_entry_bend
D:5:      nicolae_gozag_cash_rules_everything_around_me, serial_shops,
          shop_statue
Sewer:    kennysheep_door_sewer

Skill      XL: |  1  2  3  4  5  6 |
---------------+-------------------+-----
Stealth        | 2 3 4 5 |  5.7
Dodging        | 3 4 |  4.3
Evocations     | 4 5 |  5.4
Fighting       | |  1.0
Short Blades   | |  1.0
Spellcasting   | |  0.2
Conjurations   | |  0.7
Translocations | |  0.6

Action                   |  1- 3 |  4- 6 |  7- 9 || total
-------------------------+-------+-------+-------++-------
Melee: Short sword       |    16 |    71 |     5 ||    92
       Constrict         |     5 |    22 |     2 ||    29
       Tentacles         |     3 |    19 |     4 ||    26
Evoke: Wand              |    15 |    15 |     5 ||    35
  Use: Potion            |       |     3 |     2 ||     5
       Scroll            |       |     2 |       ||     2
 Stab: Sleeping          |     3 |    10 |       ||    13
Armor: Skin              |    12 |     2 |     1 ||    15
Dodge: Dodged            |    15 |    30 |    13 ||    58

Table legend:
 A = Spawn XP
 B = Non-spawn XP
 C = Spawn XP percentage of total XP
 D = Spawn monster count
 E = Non-spawn monster count
 F = Spawn count percentage of total count
 G = Total turns spent on level
                    A         B        C        D         E        F      G
               +---------+---------+-------+---------+---------+-------+---------
         Total |       0 |     654 |   0.0 |       0 |      59 |   0.0 |  1248
               +---------+---------+-------+---------+---------+-------+---------
           D:1 |       0 |       5 |   0.0 |       0 |       4 |   0.0 |   150
           D:2 |       0 |     132 |   0.0 |       0 |      14 |   0.0 |   226
           D:3 |       0 |      62 |   0.0 |       0 |       8 |   0.0 |    47
           D:4 |       0 |     224 |   0.0 |       0 |      19 |   0.0 |   645
           D:5 |       0 |      94 |   0.0 |       0 |       8 |   0.0 |    38
         Sewer |       0 |     137 |   0.0 |       0 |       6 |   0.0 |   142
               +---------+---------+-------+---------+---------+-------+---------
